[Event "16th HSG Open-A 2022"]
[Site "Hilversum"]
[Date "2022.06.19"]
[Round "6.2"]
[White "Pijpers, Arthur"]
[Black "Wiersma, Eelke"]
[Result "1-0"]
[ECO "B12"]
[WhiteElo "2463"]
[BlackElo "2299"]
[Annotator "TA"]
[PlyCount "63"]
[EventDate "2022.06.17"]
[EventCountry "NED"]
[SourceTitle "playchess.com"]
[Source "ChessBase"]
[SourceQuality "1"]
[TimeControl "6600+10"]

1. e4 c6 2. d4 d5 3. e5 c5 4. Nf3 cxd4 5. Qxd4 Nc6 6. Qf4 {[%emt 0:00:05] B12: Caro-Kann: Advance Variation.} e6 7. Bd3 Nb4 {[%emt 0:04:04] [#]} 8. Bd2 $146 {[%emt 0:00:27] The position is equal.} ({Predecessor:} 8. Nc3 Nxd3+ 9. cxd3 Bd7 10. h4 h6 11. h5 Ne7 12. Nd4 Rc8 13. O-O a6 14. Be3 {0-1 (46) Shankland,S (2709)-Svidler,P (2714) Saint Louis 2021}) 8... Nxd3+ 9. cxd3 f5 (9... Ne7 $11 {keeps the balance.}) 10. Nc3 Bd7 11. Ne2 Qb6 12. O-O Ne7 13. Qg3 Rc8 14. Bc3 h6 15. Nf4 (15. h4 $16) 15... Kf7 (15... g5 $14 16. Nh5 Nc6) 16. Nh5 ({White should play} 16. Rfe1 $16) 16... g6 (16... Rg8 $11) 17. Nf6 $16 Bb5 18. Nd4 {[%emt 0:10:51] White is much more active. Pair of Knights!} (18. Rfd1 $142) 18... Bg7 (18... Nc6 $16 {was worth a try.} 19. Rac1 (19. Nxd5 $2 Nxd4 20. Qe3 Qd8 $19) 19... Rd8 20. Nxc6 (20. Nxb5 Qxb5 21. d4 Be7 $11) 20... Bxc6) 19. a4 Ba6 20. Rac1 g5 (20... h5 $142 21. Nf3 Bh6) 21. Rfe1 $18 Rhd8 $2 (21... Rxc3 22. bxc3 Ng6 23. Nxd5 (23. Rb1 Qc5 $18) 23... Qc5) 22. Qh3 Rc6 (22... Ng6 $142 23. a5 Nf4 24. axb6 Nxh3+ 25. gxh3 axb6) 23. a5 Qc7 24. Nxc6 (24. Qh5+ $142 Ng6 25. Rcd1 (25. Nxc6 bxc6 26. Bd4 Bxd3 $18)) 24... bxc6 25. Bb4 Ng6 26. Bd6 Rxd6 (26... Qxa5 $142 27. Nh5 Qd2) 27. exd6 {[%emt 0:00:28] Chess con chili.} Qxd6 {[%emt 0:00:09] [#]} 28. Nh5 ({Only move:} 28. Qe3 $1 $18 Kxf6 (28... d4 29. Ne8) 29. Qxa7) 28... Bd4 ({Black should try} 28... Bxb2 $14 29. Rcd1 Bc3) 29. Ng3 Kg7 {[%emt 0:07:15][%mdl 8192] [#]} (29... Qf4 $16 30. Nh1 (30. Qxh6 Qxf2+ 31. Kh1 Nf4 $11) 30... Bb5) 30. Qxf5 $3 {[%emt 0:02:02][%mdl 512] Strongly threatening Nh5+.} Nf4 {[%emt 0:01:53] Inhibits Nh5+.} 31. Qg4 {[%emt 0:01:57] aiming for Nh5+.} Bxf2+ $2 (31... c5 32. Ne2 Bxf2+ 33. Kxf2 Nxd3+ 34. Kg1 Qe5) 32. Kxf2 {[%emt 0:00:28] Weighted Error Value: White=0.48/Black=0.90} 1-0

[Event "16th HSG Open-A 2022"]
[Site "Hilversum"]
[Date "2022.06.19"]
[Round "6.3"]
[White "Leenhouts, Koen"]
[Black "Lanchava, Tea"]
[Result "1-0"]
[ECO "A41"]
[WhiteElo "2416"]
[BlackElo "2232"]
[Annotator "TA"]
[PlyCount "82"]
[EventDate "2022.06.17"]
[EventCountry "NED"]
[SourceTitle "playchess.com"]
[Source "ChessBase"]
[SourceQuality "1"]
[TimeControl "6600+10"]

1. d4 d6 2. c4 g6 3. e4 Nd7 4. Nc3 c6 5. Be3 e5 6. d5 {[%emt 0:05:38] A41: 1 d4 d6: Tartakower System and Modern Defence.} c5 7. Bd3 {[%emt 0:04:23] [#]} Nh6 $146 ({Predecessor:} 7... h5 8. Qd2 Bh6 9. Nge2 Bxe3 10. Qxe3 Kf8 11. O-O-O Kg7 12. g3 Nh6 13. f4 a6 {0-1 (43) Kovac,L (2096)-Kireev,A (2360) Trnava 2011}) 8. h4 {[%emt 0:04:37][%cal Bh2h4,Bh4h5][%mdl 32] White is better.} Rg8 (8... Nb6 $16) 9. g4 $18 {[%emt 0:02:29] Black must now prevent g5.} f6 10. f3 {[%emt 0:02:13] White is more active.} Nf7 11. h5 Be7 12. Nge2 Nf8 13. a3 f5 (13... Bd7 $16 14. Kf2 b6) 14. hxg6 hxg6 15. exf5 (15. gxf5 a6 16. Qc2 Bg5) 15... gxf5 16. gxf5 (16. Bxf5 $6 Bxf5 17. gxf5 Bg5) 16... Bh4+ 17. Kd2 Bg5 18. Bxg5 ({Don't take} 18. f4 Bf6 19. Qb3 b6 $18) 18... Rxg5 19. Ne4 Rg8 (19... Rxf5 $142 20. Kc2 b5) 20. Rg1 (20. Rh5 $142) 20... Rxg1 21. Qxg1 Bxf5 {[%emt 0:00:24] [#]} 22. Nxc5 $1 Bxd3 23. Nxd3 Qf6 24. Nc3 Ng5 25. Ne4 Nxf3+ $2 (25... Nxe4+ {is more resistant.} 26. fxe4 Qh6+ 27. Kc2 b6) 26. Ke3 {[%emt 0:01:17] White is clearly winning.} Nxg1 27. Nxf6+ Kf7 28. Ne4 ({Not} 28. Rxg1 Kxf6 29. Nf2 Kf7 $18) 28... Nh3 29. Nxd6+ Ke7 30. Nxb7 Nd7 31. Rh1 Ng5 32. c5 Rf8 33. c6 Rf3+ 34. Ke2 e4 35. d6+ Ke6 36. Ndc5+ Nxc5 37. Nxc5+ Kxd6 {[%emt 0:01:01] [#]} 38. Nxe4+ $1 Kxc6 39. Nxg5 {[%emt 0:00:13] Threatening mate with Rh6+.} Rg3 40. Ne4 Rg2+ 41. Nf2 Kb5 {[%emt 0:00:01] Black did not feel at home in the position after the opening.  Weighted Error Value: White=0.17 (very precise) /Black=0.51} 1-0

[Event "16th HSG Open-A 2022"]
[Site "Hilversum"]
[Date "2022.06.19"]
[Round "6.4"]
[White "Pham, Khoi"]
[Black "Elgersma, Onno"]
[Result "1-0"]
[ECO "B12"]
[WhiteElo "2291"]
[BlackElo "2303"]
[Annotator "TA"]
[PlyCount "57"]
[EventDate "2022.06.17"]
[EventCountry "NED"]
[SourceTitle "playchess.com"]
[Source "ChessBase"]
[SourceQuality "1"]
[TimeControl "6600+10"]

1. e4 c6 2. d4 d5 3. e5 Bf5 4. h4 h5 5. Bd3 Bxd3 6. Qxd3 {[%emt 0:00:05][%cal Oe5e6] e6! is the strong threat. B12: Caro-Kann: Advance Variation.} Qa5+ 7. Nd2 {[%emt 0:00:07][%cal Oe5e6] aiming for e6!} e6 8. Ngf3 {[%emt 0:00:05] The position is equal.} Nh6 9. O-O Nf5 10. Nb3 $1 {[%emt 0:00:04][%mdl 4] is more profitable than 10.c4 at the moment.} Qa6 11. Qd1 b6 12. Bg5 c5 13. c3 Nc6 14. dxc5 Bxc5 15. Nxc5 bxc5 16. Re1 {[%emt 0:00:15][%cal Bf1e1,Be1e3,Be3d3][%mdl 32] [#]} Qb7 $146 ({Predecessor:} 16... Rc8 17. b3 Rc7 18. Rc1 Qxa2 19. Ra1 Qb2 20. Bd2 O-O 21. Rb1 Qa2 22. Ra1 Qb2 23. Rb1 Qa2 24. Ra1 Qb2 25. Rb1 {½-½ (25) Dubov,D (2714)-Anton Guijarro,D (2669) Terme Catez 2021}) 17. b3 Qd7 18. Nd2 a5 19. Nf1 a4 20. Ne3 Nxe3 21. Rxe3 d4 22. cxd4 cxd4 (22... Qxd4 $5 23. Rc1 Qxd1+ 24. Rxd1 axb3 25. axb3 O-O $11) 23. Rd3 Qd5 (23... Ra5 $14) 24. Rc1 $16 {[%emt 0:08:22] And now b4 would win.} axb3 25. axb3 Qe4 $2 {[%emt 0:18:14][%mdl 8192] [#] A mistake that costs the game.} (25... Rb8 $16) 26. Rc5 $1 $18 Ra6 (26... O-O $142 27. f3 Qf5) 27. b4 {[%emt 0:02:07] Strongly threatening b5.} O-O 28. b5 Nb4 (28... Ra5 29. Rxc6 Rxb5) 29. Rxd4 {[%emt 0:00:32] Weighted Error Value: White=0.04 (flawless) /Black=0.47} 1-0

[Event "16th HSG Open-A 2022"]
[Site "Hilversum"]
[Date "2022.06.19"]
[Round "6.5"]
[White "De Winter, Arthur"]
[Black "Van Foreest, Machteld"]
[Result "0-1"]
[ECO "B40"]
[WhiteElo "2090"]
[BlackElo "2287"]
[Annotator "TA"]
[PlyCount "64"]
[EventDate "2022.06.17"]
[EventCountry "NED"]
[SourceTitle "playchess.com"]
[Source "ChessBase"]
[SourceQuality "1"]
[TimeControl "6600+10"]

1. e4 c5 2. Nf3 e6 3. b3 b6 4. Bb2 Bb7 5. Nc3 Nc6 6. d4 cxd4 7. Nxd4 Nf6 {[%emt 0:13:18] B40: Sicilian: 2...e6, Unusual lines.} 8. Nxc6 dxc6 9. e5 {[%emt 0:16:11] [#]} Qxd1+ $146 {[%emt 0:04:17] White is slightly better.} ({Predecessor:} 9... Nd5 10. Ne4 Qh4 11. Qf3 O-O-O 12. a3 c5 13. Rd1 Nb4 14. Rxd8+ Kxd8 15. Bd3 Nxd3+ 16. cxd3 {½-½ (45) Toman,A (2205)-Bosak,Z (2250) ICCF email 2003}) 10. Rxd1 Nd5 11. Ne4 O-O-O 12. a3 Be7 13. g3 c5 {[%emt 0:06:13][%cal Od5c3] [#] And now ...Nc3! would win.} 14. Bg2 f5 (14... Nc7 {with more complications.} 15. O-O Nb5 16. f4 Nd4) 15. Nd2 Kb8 16. Rg1 b5 17. c4 bxc4 18. Nxc4 Rd7 (18... Kc7 {feels hotter.} 19. Nd6 Rb8 20. b4 cxb4 21. axb4 Bc6) 19. Na5 Ba8 20. Ke2 Rhd8 21. Rc1 Bg5 (21... Ne3 $5 22. Kxe3 Rd3+ 23. Ke2 Rd2+ 24. Ke1 Rxb2 25. Bxa8 Kxa8 $15) 22. Rxc5 {[%emt 0:05:52] [#] Hoping for Bc1.} Nf4+ $1 {[%emt 0:10:36][%mdl 64] Discovered Attack} 23. gxf4 Rd2+ 24. Ke1 $1 Rd1+ {[%emt 0:02:52][%mdl 1024] Black has compensation.} 25. Ke2 R8d2+ 26. Ke3 Rd3+ 27. Ke2 R1d2+ $40 {[%emt 0:00:12][%cal Bd1d2,Bd2f2,Bf2h2][%mdl 160] White needs to defend precisely.} ({Don't play} 27... R3d2+ 28. Ke3 Bxf4+ 29. Kxf4 $17) 28. Ke1 $1 Bh4 29. Rb5+ Kc8 {[%emt 0:00:13] ( -> ...Rd1+). Really sharp!} 30. Bxa8 $4 (30. Rc5+ $11 Kd8 31. Bxa8 Rd1+ 32. Ke2 R1d2+ 33. Ke1 (33. Kf1 {gets mated.} Rxf2+ 34. Ke1 Rxh2+) 33... Rd1+ 34. Ke2 R1d2+ 35. Ke1 (35. Kf1 Rxf2+ 36. Ke1 Rxh2+)) 30... Rxf2 $19 31. Rc5+ Kb8 32. Bb7 Rxh2+ {[%emt 0:00:13][%mdl 64] Discovered Attack.  Weighted Error Value: White=0.60/Black=0.04 (flawless)} 0-1

[Event "16th HSG Open-A 2022"]
[Site "Hilversum"]
[Date "2022.06.19"]
[Round "6.6"]
[White "Becx, Cesar"]
[Black "Grutter, Tim"]
[Result "1/2-1/2"]
[ECO "B24"]
[WhiteElo "2101"]
[BlackElo "2241"]
[Annotator "TA"]
[PlyCount "74"]
[EventDate "2022.06.17"]
[EventCountry "NED"]
[SourceTitle "playchess.com"]
[Source "ChessBase"]
[SourceQuality "1"]
[TimeControl "6600+10"]

1. f4 g6 2. Nf3 Bg7 3. d3 c5 4. g3 e6 5. Bg2 Ne7 6. O-O Nbc6 7. Nc3 d5 8. e4 dxe4 {[%emt 0:03:12] B24: Closed Sicilian: 3 g3 sidelines.} (8... O-O $15) 9. dxe4 $11 Qxd1 10. Rxd1 {[%emt 0:03:34] [#]} Nd4 $146 {[%emt 0:15:43] [#]} (10... Bxc3 $11 11. bxc3 O-O) ({Predecessor:} 10... a6 11. Na4 c4 12. Nb6 Rb8 13. e5 O-O 14. Nxc4 b5 15. Nd6 Nd5 16. Nxc8 Rbxc8 {1-0 (42) Chandler,M (1022)-Slavin,P (1087) LSS email 2014}) 11. Nxd4 (11. Be3 $1 $16) 11... Bxd4+ $14 12. Kf1 {[%emt 0:01:08] Nb5 is the strong threat.} (12. Kh1 $5 ) 12... Bxc3 13. bxc3 Bd7 14. c4 O-O-O 15. Bb2 Rhe8 16. Bf6 Ba4 {[%emt 0:01:27] The position is equal.} 17. Rxd8+ Kxd8 18. Ke2 Kc8 19. Kd3 Rd8+ 20. Kc3 Rd7 21. Bxe7 (21. Re1 {seems wilder.} Nc6 22. f5 Nd4 23. fxe6 Nxe6 24. Bh3) 21... Rxe7 $11 {[%emt 0:00:08][%mdl 4096] Endgame KRB-KRB} 22. e5 Rd7 23. Bf3 Kc7 24. Rd1 Rxd1 25. Bxd1 {[%emt 0:00:05] KB-KB} Bc6 26. g4 a6 27. Be2 Be4 28. Bd3 Bf3 29. g5 Kb6 30. Kb3 Ka5 31. Ka3 Bc6 32. h4 b5 33. cxb5 axb5 {[%emt 0:01:35] [#] Strongly threatening ...c4.} 34. c4 {[%emt 0:00:30] Threatens to win with cxb5.} b4+ 35. Kb2 Bf3 36. Bf1 Ka4 37. Bd3 Ka5 {[%emt 0:19:23] Weighted Error Value: White=0.06 (flawless) /Black=0.14 (very precise)} 1/2-1/2

[Event "16th HSG Open-A 2022"]
[Site "Hilversum"]
[Date "2022.06.19"]
[Round "6.7"]
[White "Khabichev, Valeriy"]
[Black "De Groote, Ewoud"]
[Result "0-1"]
[ECO "C51"]
[WhiteElo "2075"]
[BlackElo "2230"]
[Annotator "TA"]
[PlyCount "88"]
[EventDate "2022.06.17"]
[EventCountry "NED"]
[SourceTitle "playchess.com"]
[Source "ChessBase"]
[SourceQuality "1"]
[TimeControl "6600+10"]

1. e4 e5 2. Nf3 Nc6 3. Bc4 Bc5 4. b4 Bxb4 5. c3 Be7 6. d4 Na5 7. Bd3 d6 {[%emt 0:09:17] C51: Evans Gambit: Declined and Accepted without 5...Ba5.} 8. dxe5 dxe5 9. Nxe5 Nf6 {[%emt 0:07:58] The position is equal.} 10. O-O O-O 11. Qa4 c5 12. Rd1 Qc7 {[%emt 0:03:56] [#]} 13. Nf3 $146 {[%emt 0:05:23] [#]} ({White should try} 13. Nd2) ({Predecessor:} 13. f4 c4 14. Bc2 a6 15. Ba3 b5 16. Qxa5 Qxa5 17. Bxe7 Qb6+ 18. Rd4 Re8 19. Ba3 {0-1 (27) Howell,C (1954)-Okhai,S (2075) England 2017}) 13... c4 $1 $17 14. e5 (14. Bf1 $17) 14... cxd3 (14... Bd7 $19 15. Bxh7+ Kh8 16. Rxd7 Nxd7) 15. exf6 Bxf6 16. Rxd3 Qc4 17. Qxc4 Nxc4 18. Nd4 Re8 {[%emt 0:04:03][%cal Re8e1] [#]} 19. Bd2 {[%emt 0:08:21] Against Re1+. Now White is beyond hope.} (19. Nd2 $17) 19... Bd7 $19 20. h3 Rad8 21. g4 Ba4 22. Rg3 Bxd4 {[%emt 0:02:08] Black is clearly winning.} 23. cxd4 Rxd4 24. Bc3 Rd1+ 25. Kh2 Re2 26. Rg1 Rxf2+ 27. Kg3 {[%emt 0:00:07] Threatens to win with Rxd1.} Rxg1+ 28. Kxf2 Rh1 29. Be1 Rxh3 30. Nc3 Bc6 31. Rd1 {[%emt 0:00:01] Threatening mate with Rd8+.} Rf3+ 32. Ke2 {[%emt 0:00:14] Rd8+ would kill now.} h6 ({Don't blunder} 32... Re3+ $2 33. Kf2 $19) 33. Rd4 Ne5 34. Bd2 Rh3 35. Rd8+ Kh7 36. g5 Rh2+ 37. Kd1 Nf3 38. Be3 hxg5 39. Bxa7 g4 40. Bb8 Rh1+ 41. Kc2 Re1 42. Bg3 Rg1 43. Bc7 g3 44. Bb6 Re1 {[%emt 0:00:13] Weighted Error Value: White=0.31/Black=0.10 (very precise)} 0-1

[Event "16th HSG Open-A 2022"]
[Site "Hilversum"]
[Date "2022.06.19"]
[Round "6.8"]
[White "Maters, Arthur"]
[Black "Tabak, Stefan"]
[Result "1-0"]
[ECO "B31"]
[WhiteElo "2048"]
[BlackElo "2160"]
[Annotator "TA"]
[PlyCount "127"]
[EventDate "2022.06.17"]
[EventCountry "NED"]
[SourceTitle "playchess.com"]
[Source "ChessBase"]
[SourceQuality "1"]
[TimeControl "6600+10"]

1. e4 c5 2. Nf3 Nc6 3. Bb5 g6 4. O-O Bg7 5. Re1 e5 6. Bxc6 dxc6 7. d3 Qc7 8. Be3 {[%emt 0:00:30] B31: Sicilian: 2...Nc6 3 Bb5 g6.} b6 9. a4 {[%emt 0:00:32] 9.a3 is more advanced technology.} a5 10. c3 {[%emt 0:15:25] The position is equal.} Nf6 11. d4 cxd4 12. cxd4 exd4 {[%emt 0:13:35] [#]} 13. Qxd4 $146 ({Predecessor:} 13. Bxd4 O-O 14. Qb3 c5 15. Be5 Qc6 16. Nc3 Be6 17. Qc2 Bc4 18. Rad1 Rad8 19. b3 {1-0 (30) Reinhard,M (2034)-Rechner,K (2049) Nordrheinwestfalen 2017}) 13... c5 14. Qd2 O-O 15. Bf4 Qb7 16. Nc3 Bg4 17. Ne5 Be6 18. Nf3 Rad8 19. Qe2 Rfe8 20. Rad1 Rxd1 21. Qxd1 Bg4 22. h3 Bd7 23. Qd3 Nh5 24. Bg5 h6 25. Be3 Bc6 26. Nd2 $1 Kh7 27. b3 Nf6 28. f3 Nd7 29. Nc4 {[%emt 0:01:20] Nd6 is the strong threat.} Ne5 30. Qd2 Nxc4 31. bxc4 Qb8 (31... f5 $11) 32. Rb1 h5 (32... f5 $1 $11 {keeps the balance.}) 33. Nd5 $16 Bxd5 34. Qxd5 (34. exd5 $2 Rxe3 $1 35. Qxe3 Bd4 36. Qxd4 cxd4 $19) (34. cxd5 $16 {And now Bxc5 would win.} Qd6 35. Bf4) 34... Re6 {[%emt 0:00:00] [#]} (34... Qc7 $11) 35. Qxc5 $1 Qg3 36. Bf2 Qf4 37. Qe3 Qe5 38. g3 (38. Rxb6 Rxb6 39. Qxb6 Qa1+ 40. Kh2 Be5+ 41. g3 Qxa4 $11) (38. Qb3 $16) 38... Rc6 $11 39. Qd3 Qe6 40. Qd5 Rxc4 41. Qxe6 (41. Bxb6 Qxd5 42. exd5 Rb4 43. Rxb4 axb4 $17) 41... fxe6 42. Rxb6 {[%emt 0:00:03][%mdl 4096] Endgame KRB-KRB} e5 43. Ra6 Rxa4 44. Be1 Ra1 45. Kf2 Ra2+ 46. Ke3 Ra3+ 47. Ke2 a4 48. h4 Ra2+ 49. Kd3 Ra3+ 50. Bc3 Ra2 $1 51. Ra7 Kg8 52. Kc4 Rf2 53. f4 $1 {[%emt 0:00:01][%cal Bf3f4,Bf4e5,Be5e6,Be6e7][%mdl 32] Hoping for Ra8+.} ({But not} 53. Rxa4 Rxf3 54. Ra7 Re3 $11) 53... a3 $2 ({Black should play} 53... Rc2 $14) 54. Rxa3 $2 ({Worse is} 54. Bxe5 Bxe5 55. fxe5 a2 $14) (54. Ra8+ $18 Kh7 55. Bxe5 Bxe5 56. fxe5) 54... Rf3 $2 (54... exf4 $14 55. Ra8+ Bf8) 55. Ra8+ $18 Kh7 $2 (55... Kf7 $18 56. Bb2 (56. Bxe5 Bxe5 57. fxe5 Rxg3 $11) (56. fxe5 Rxc3+ 57. Kxc3 Bxe5+ 58. Kc4 Bxg3 $18) 56... Rf2) 56. Ra7 (56. Bxe5 $142 Re3 57. Kd4 Re1 58. Ra7 Kg8 59. Rxg7+ Kf8 60. Rxg6 Ke7 61. f5 Rd1+ 62. Ke3 Re1+ 63. Kd3) 56... Kg8 57. Bxe5 Bxe5 (57... Bf8 $142 58. Kd5 Rxg3) 58. fxe5 {[%emt 0:00:00] Intending e6 and mate.} Rxg3 {[%emt 0:00:02] KR-KR} 59. e6 {[%emt 0:00:01] White threatens Ra8+ and mate.} Kf8 60. Kd5 g5 $2 (60... Rf3 $18 61. Kd6 Rd3+ 62. Ke5 Rf3) 61. hxg5 {[%emt 0:00:07] White mates.} Rxg5+ 62. Kd6 Rg1 63. Ra8+ Kg7 64. e7 {[%emt 0:00:02] Weighted Error Value: White=0.18 (very precise) /Black=0.51} 1-0

[Event "16th HSG Open-A 2022"]
[Site "Hilversum"]
[Date "2022.06.19"]
[Round "6.9"]
[White "Van Meegen, Ruud"]
[Black "Bosboom, Ardin"]
[Result "1-0"]
[ECO "D10"]
[WhiteElo "2275"]
[BlackElo "2093"]
[Annotator "TA"]
[PlyCount "55"]
[EventDate "2022.06.17"]
[EventCountry "NED"]
[SourceTitle "playchess.com"]
[Source "ChessBase"]
[SourceQuality "1"]
[TimeControl "6600+10"]

1. d4 d5 2. c4 c6 3. Nc3 Nf6 4. cxd5 cxd5 5. Bf4 Nc6 6. e3 a6 7. Bd3 e6 8. Rc1 Bd6 9. Bxd6 {[%emt 0:00:15] D10: Slav Defence: 3 cxd5 (without early Nf3) and 3 Nc3.} Qxd6 10. f4 Bd7 11. Nf3 {[%emt 0:00:13] White is slightly better.} Qb4 12. O-O {[%emt 0:09:12] [#]} (12. Qe2 $14) 12... Na5 $146 (12... Qxb2 $11 {keeps the balance.} 13. Na4 Qa3) ({Predecessor:} 12... Ke7 13. Ne5 Rhc8 14. a3 Qa5 15. f5 h5 16. Qe1 Qd8 17. Qg3 Qh8 18. Nxd7 Nxd7 19. fxe6 fxe6 20. e4 dxe4 21. Nxe4 Qh6 22. Qd6+ Ke8 23. Nc5 {1-0 (23) Martinovic,S (2536)-Bodiroga,P (2360) Grubisno Polje 2014}) 13. Ne5 ({White should try} 13. Rf2 $16) 13... b5 $2 {[%emt 0:00:00] Black is on the road to losing.} (13... Qxb2 $11 {and Black is okay.} 14. g4 Rc8) 14. b3 Nb7 (14... Nc6 $16 {might work better.}) 15. g4 $18 h5 16. g5 Ng4 17. Qe1 ({Weaker is} 17. Nxg4 hxg4 18. Qxg4 Rc8 $16) 17... Nxe5 18. fxe5 Qe7 19. h4 b4 (19... Rc8 $142 20. Ne2 Rxc1 21. Qxc1 Nd8) 20. Ne2 Bb5 21. Nf4 {[%emt 0:00:56][%cal Of4g6] [#] Hoping for Ng6!} Bxd3 22. Nxd3 a5 23. Rc2 {[%emt 0:06:59] Qc1 is the strong threat.} O-O $2 (23... Nd8 24. Nf4 Ra7) 24. Qd1 {[%emt 0:01:54] White is clearly winning.} g6 25. Rf6 Rac8 26. Nf4 {[%emt 0:03:37][%cal Of4g6] [#] Black must now prevent Nxg6!} Qd7 27. Rf2 {[%emt 0:02:10][%cal Of4g6] Threatens to win with Nxg6!} Qc7 28. Nxg6 {[%emt 0:01:17] Weighted Error Value: White=0.24 (precise) /Black=0.69} 1-0

[Event "16th HSG Open-A 2022"]
[Site "Hilversum"]
[Date "2022.06.19"]
[Round "6.10"]
[White "Honkoop, Gilian"]
[Black "Schilstra, Laurens"]
[Result "1-0"]
[ECO "D91"]
[WhiteElo "2197"]
[BlackElo "1963"]
[Annotator "TA"]
[PlyCount "64"]
[EventDate "2022.06.17"]
[EventCountry "NED"]
[SourceTitle "playchess.com"]
[Source "ChessBase"]
[SourceQuality "1"]
[TimeControl "6600+10"]

1. c4 Nf6 2. Nf3 g6 3. d4 Bg7 4. Nc3 O-O 5. Bg5 c6 6. e3 d5 7. h3 {[%emt 0:05:13] D91: Grünfeld: 4 Nf3 Bg7 5 Bg5.} Be6 8. Qb3 {[%emt 0:04:13] [#]} dxc4 $146 ({Predecessor:} 8... Qc7 9. Bf4 Qb6 10. c5 Qxb3 11. axb3 Bf5 12. Nh4 Be6 13. Bd3 Nbd7 14. b4 a6 {1-0 (51) Richter,J (2055)-Nyizsnyik,B (1856) Balatonlelle 2006}) 9. Bxc4 {[%emt 0:05:21] White is slightly better.} Bxc4 10. Qxc4 Qa5 11. O-O Qf5 {[%emt 0:03:23] Prevents e4.} 12. Qb4 {[%emt 0:05:35] White is more active.} Nbd7 13. Qxe7 Rfe8 14. Qa3 h6 15. Bf4 g5 16. Bg3 h5 17. Rae1 Nf8 (17... b5 $16 18. Qd6 Rac8) 18. h4 gxh4 19. Nxh4 Qg4 20. Qc5 (20. Qb3 $18) 20... b5 $2 {[%emt 0:02:58] [#]} (20... Ng6 $16) 21. Qxc6 $18 b4 22. Ne2 Rac8 23. Qa4 Rc4 24. f3 Qg5 25. e4 {[%emt 0:00:10] White is clearly winning.} Rd8 26. Nf5 Ng6 {[%emt 0:02:11] Against Ne7+} 27. Qb3 Rc6 28. Bf2 {[%emt 0:01:16] [#] Threatens to win with Be3.} Qd2 29. d5 Rcc8 30. Be3 Qc2 31. Ned4 Qxb3 32. axb3 Ne5 {[%emt 0:27:40] Black did not feel at home in the position after the opening.  Weighted Error Value: White=0.18 (very precise) /Black=0.35} (32... Nxd5 $142 33. exd5 Rxd5 34. Nxg7 Kxg7) 1-0

[Event "16th HSG Open-A 2022"]
[Site "Hilversum"]
[Date "2022.06.19"]
[Round "6.11"]
[White "Wagenvoorde, Guido"]
[Black "Albers, Sasa"]
[Result "0-1"]
[ECO "E17"]
[WhiteElo "2090"]
[BlackElo "2117"]
[Annotator "NA RC"]
[PlyCount "88"]
[EventDate "2022.06.17"]
[EventCountry "NED"]
[SourceTitle "playchess.com"]
[Source "ChessBase"]
[SourceQuality "1"]
[TimeControl "6600+10"]

1. d4 Nf6 2. c4 e6 3. Nf3 b6 4. g3 Bb7 5. Bg2 Be7 6. O-O O-O 7. d5 exd5 8. Nh4 c6 9. cxd5 Nxd5 10. Nf5 Nc7 11. e4 d5 12. exd5 cxd5 13. Qg4 Bf6 14. Nc3 Nc6 15. Rd1 Ne7 16. Bf4 Nxf5 17. Qxf5 Qc8 18. Qh5 Bxc3 19. bxc3 Ne6 20. Be5 Rd8 21. Bh3 d4 22. Rd3 Qc6 23. f3 Rd5 24. cxd4 f6 25. Qg4 Ng5 26. Bf4 Rxd4 27. Rc1 Nxh3+ 28. Qxh3 Qd5 29. Re3 Rd1+ 30. Rxd1 Qxd1+ 31. Kf2 Qc2+ 32. Re2 Qc5+ 33. Kg2 Bd5 34. Qd7 Bf7 35. Rd2 Qc4 36. a4 Re8 37. Qxa7 g5 38. Bc7 Re2+ 39. Rxe2 Qxe2+ 40. Kg1 Qe3+ 41. Kg2 Bd5 42. Qb8+ Kg7 43. Bf4 Qxf3+ 44. Kh3 Qh5# 0-1

[Event "16th HSG Open-A 2022"]
[Site "Hilversum"]
[Date "2022.06.19"]
[Round "6.12"]
[White "Floor, Dirk"]
[Black "Jonsson, Gauti Pall"]
[Result "0-1"]
[ECO "A84"]
[WhiteElo "2203"]
[BlackElo "2065"]
[Annotator "TA"]
[PlyCount "68"]
[EventDate "2022.06.17"]
[EventCountry "NED"]
[SourceTitle "playchess.com"]
[Source "ChessBase"]
[SourceQuality "1"]
[TimeControl "6600+10"]

1. d4 e6 2. c4 f5 3. Nf3 Nf6 4. a3 Be7 5. g3 O-O 6. Bg2 d6 7. O-O {[%emt 0:00:14] [#]} Nbd7 $146 {[%emt 0:05:08] A84: Dutch Defence: 2 c4 Miscellaneous.} ({Predecessor:} 7... Ne4 8. b4 Nd7 9. Qb3 Bf6 10. Bb2 Qe7 11. Nbd2 Ng5 12. Nxg5 Bxg5 13. f4 Bf6 14. e4 fxe4 15. Nxe4 {0-1 (38) Tosic,D (1843)-Ciric,P (2037) Knic 2019}) 8. Ng5 Nb6 9. d5 (9. Qc2 $14) 9... e5 {[%emt 0:04:38] Black is slightly better.} 10. b3 h6 11. Ne6 Bxe6 12. dxe6 Qc8 (12... d5 $15) 13. Nc3 $11 c6 14. a4 {[%emt 0:02:39] Threatens to win with a5.} a5 15. e4 ({But not} 15. Be3 Ra6 $15) (15. Bh3 $14 {deserves consideration.}) 15... Qxe6 ({Black should try} 15... fxe4 $1 $11 16. Be3 Ra6) 16. Bh3 $14 g6 17. Bxh6 Rf7 18. Be3 (18. Qd2 $11 Nfd7 19. Be3) 18... Rh7 $17 19. Bg2 Nbd7 20. f3 Kg7 (20... f4 {feels hotter.} 21. gxf4 exf4 22. Bxf4 g5) 21. Ra2 Rah8 22. Bh1 {[%emt 0:00:33] [#]} (22. h3 $15) 22... Nh5 $1 {[%emt 0:01:37][%cal Oh5g3] aiming for ...Nxg3!} 23. Ne2 {[%emt 0:03:54] [#]} (23. exf5 $17 {was necessary.} gxf5 24. Rg2) 23... Nxg3 $1 $19 24. Nxg3 {[%emt 0:01:43] Strongly threatening f4.} f4 25. Nf5+ (25. Rg2) 25... gxf5 26. Rg2+ Kf8 27. exf5 Qxf5 28. Bd2 d5 29. Be1 Nf6 30. Bf2 (30. Qd2 $142 Qh3 31. Rff2) 30... Rh3 31. Bb6 Nd7 32. Ba7 b6 {[%emt 0:00:00] And now ...Bc5+ would win.} 33. Re1 Bc5+ 34. Kf1 Rxh2 {[%emt 0:00:00] Weighted Error Value: White=1.00/Black=0.20 (precise)} 0-1